 Dungeon Crawl Stone Soup version 0.29.1-2-gbd0b4ee654 (webtiles) character file.

Game seed: 14773094125232869408

302 tizbic2 the Skirmisher (level 6, -2/51 HPs)
             Began as a Gnoll Hunter on Oct 26, 2022.
             Was an Initiate of Okawaru.
             Splashed by a jelly's acid (9 damage)
             ... on level 4 of the Dungeon.
             The game lasted 00:12:05 (2235 turns).

tizbic2 the Skirmisher (Gnoll Hunter)               Turns: 2235, Time: 00:12:05

Health: -2/51      AC: -3    Str: 10    XL:     6   Next: 37%
Magic:  8/9        EV: 10    Int: 15    God:    Okawaru [......]
Gold:   146        SH:  0    Dex: 17    Spells: 9/9 levels left

rFire   . . .      SeeInvis +   s - +1 hand axe (freeze)
rCold   . . .      Faith    .   (no shield)
rNeg    . . .      Spirit   .   h - +0 scale mail
rPois   .          Reflect  .   m - +0 helmet
rElec   .          Harm     .   (no cloak)
rCorr   .          Rampage  .   (no gloves)
Will    .....                   j - +0 pair of boots
Stlth   +.........              (no amulet)
HPRegen 0.17/turn               l - +6 ring of intelligence
MPRegen 0.11/turn               g - ring of see invisible

@: corroded
A: fangs 1, strong nose, distributed training
a: Renounce Religion


You were on level 4 of the Dungeon.
You worshipped Okawaru.
Okawaru was noncommittal.
You visited 2 branches of the dungeon, and saw 5 of its levels.

You collected 146 gold pieces.

Inventory:

Hand Weapons
 e - a +2 short sword of venom
 f - the +4 hand axe "Uwoinu" {drain, SInv}
   (You found it on level 3 of the Dungeon)

   A truly terrible weapon, it drains the life of any living foe it strikes.
   SInv:      It lets you see invisible.
 r - a +3 sling
 s - a +1 hand axe of freezing (weapon)
Armour
 h - a +0 scale mail (worn)
 j - a +0 pair of boots (worn)
 m - a +0 helmet (worn)
Jewellery
 g - a ring of see invisible (right hand)
 l - a +6 ring of intelligence (left hand)
 p - a ring of ice
Scrolls
 a - a scroll of identify
 b - 3 scrolls of immolation
 n - a scroll of teleportation {unknown}
 o - a scroll of poison {unknown}
Potions
 c - a potion of brilliance {unknown}
 d - a potion of resistance {unknown}
 i - 2 potions of curing
 k - a potion of mutation {unknown}
 q - a potion of haste {unknown}


   Skills:
 + Level 5.0 Fighting
 + Level 2.0 Short Blades
 + Level 2.0 Long Blades
 + Level 2.0 Axes
 + Level 2.0 Maces & Flails
 + Level 2.0 Polearms
 + Level 2.0 Staves
 + Level 8.8 Ranged Weapons
 + Level 2.0 Throwing
 + Level 2.0 Armour
 + Level 5.0 Dodging
 + Level 3.1 Stealth
 + Level 2.0 Shields
 + Level 2.0 Unarmed Combat
 + Level 2.0 Spellcasting
 + Level 1.6 Conjurations
 + Level 1.6 Hexes
 + Level 1.6 Summonings
 + Level 1.6 Necromancy
 + Level 1.6 Translocations
 + Level 1.6 Transmutations
 + Level 1.6 Fire Magic
 + Level 1.6 Ice Magic
 + Level 1.6 Air Magic
 + Level 1.6 Earth Magic
 + Level 1.6 Poison Magic
 + Level 2.2 Invocations
 + Level 2.0 Evocations


You had 9 spell levels left.
You didn't know any spells.
Your spell library was empty.

Dungeon Overview and Level Annotations

Branches:
Dungeon (4/15)             Temple (1/1) D:4

Altars:
Dithmenos
Fedhas
Gozag
Hepliaklqana
Nemelex Xobeh
Okawaru
Qazlal
Ru
Sif Muna
Trog
Vehumet
Xom
The Shining One

Annotations:
D:3 3 runed translucent doors, bmorgan's ghost, amateur OpEE


Innate Abilities, Weirdness & Mutations

You have very sharp teeth.
Your uncanny sense of smell can sniff out nearby items.
Your experience applies equally to all skills.


Message History

Your Maces & Flails skill increases to level 2!
Your Polearms skill increases to level 2!
Your Staves skill increases to level 2!
Your Throwing skill increases to level 2!
Your Armour skill increases to level 2!
Your Dodging skill increases to level 5!
Your Shields skill increases to level 2!
Your Unarmed Combat skill increases to level 2!
Your Spellcasting skill increases to level 2!
Your Evocations skill increases to level 2!
You hit the jelly.
Your hands burn!
The jelly is lightly wounded.
The jelly hits you but does no damage.
You hit the jelly.
Your hands burn!
The jelly is moderately wounded.
The jelly hits you but does no damage.
You hit the jelly.
The jelly is poisoned.
The acid corrodes you!
Your hands burn!
You bite the jelly, but do no damage.
The jelly is moderately wounded.
The jelly barely misses you.
Your +2 short sword of venom stops dripping with poison.
Your +1 hand axe of freezing glows with a cold blue light!
s - a +1 hand axe of freezing (weapon)
The jelly hits you.
You are splashed with acid!
You hit the jelly. You freeze the jelly.
Your hands burn!
Your bite misses the jelly.
The jelly is heavily wounded.
The jelly hits you. The acid corrodes you!
You are splashed with acid!
You hit the jelly but do no damage. The acid corrodes you!
Your hands burn!
* * * LOW HITPOINT WARNING * * *
You punch the jelly. You bite the jelly, but do no damage.
The jelly is severely wounded.
The jelly hits you.
* * * LOW HITPOINT WARNING * * *
You are splashed with acid!
* * * LOW HITPOINT WARNING * * *
You feel better. The jelly hits you.
* * * LOW HITPOINT WARNING * * *
You are splashed with acid!
You die...

###### ## ##. .....#
#...... .....###### ..#..#
..........# ..#..# .
..........# .....##..
..........# #.....!..
#.........+ #####.....$..
..........####..@J........
..........+..#...#........
..........#..#...#........
.............'...#.?......
.............#...#........
.............#...#.....###
....#.#......#...#.....#
....#.#.#....#...#.....#
......#.#....#...#.....#


You could see a jelly (very poisoned).

Vanquished Creatures
  2 scorpions (D:4)
  A jelly (D:4)
  An orc priest (D:3)
  Terence (D:3)
  2 adders
  3 worms
  6 orcs
  4 ball pythons
  5 endoplasms
  A giant cockroach (D:3)
  4 goblins
  6 hobgoblins
  4 quokkas (D:3)
  3 bats
  A frilled lizard (D:3)
  10 kobolds
  7 rats
61 creatures vanquished.

Notes
Turn   | Place    | Note
-------+----------+-------------------------------------------
     0 | D:1      | tizbic2 the Gnoll Hunter began the quest for the Orb.
     0 | D:1      | Reached XP level 1. HP: 20/20 MP: 1/1
   157 | D:1      | Reached XP level 2. HP: 25/26 MP: 2/2
   223 | D:1      | You fall into a shaft and drop 1 floor!
   482 | D:2      | Reached XP level 3. HP: 30/31 MP: 3/3
   745 | D:3      | Reached skill level 1 in Invocations
   761 | D:3      | Found a runed translucent gate.
   761 | D:3      | Found a runed translucent gate.
   761 | D:3      | Found an opulent altar of Gozag.
   761 | D:3      | Found a runed translucent gate.
   764 | D:3      | Noticed a black bear
   764 | D:3      | Noticed bmorgan's ghost (amateur OpEE)
   821 | D:3      | Noticed Terence
   831 | D:3      | Killed Terence
   832 | D:3      | Reached skill level 1 in Short Blades
   832 | D:3      | Reached skill level 1 in Long Blades
   832 | D:3      | Reached skill level 1 in Axes
   832 | D:3      | Reached skill level 1 in Maces & Flails
   832 | D:3      | Reached skill level 1 in Polearms
   832 | D:3      | Reached skill level 1 in Staves
   832 | D:3      | Reached skill level 1 in Throwing
   832 | D:3      | Reached skill level 1 in Armour
   832 | D:3      | Reached skill level 1 in Shields
   832 | D:3      | Reached skill level 1 in Unarmed Combat
   832 | D:3      | Reached skill level 1 in Spellcasting
   832 | D:3      | Reached skill level 1 in Evocations
   832 | D:3      | Reached XP level 4. HP: 27/38 MP: 5/5
  1239 | D:3      | Identified the +4 hand axe "Uwoinu" {drain, SInv}
  1259 | D:3      | Reached skill level 1 in Conjurations
  1259 | D:3      | Reached skill level 1 in Hexes
  1259 | D:3      | Reached skill level 1 in Summonings
  1259 | D:3      | Reached skill level 1 in Necromancy
  1259 | D:3      | Reached skill level 1 in Translocations
  1259 | D:3      | Reached skill level 1 in Transmutations
  1259 | D:3      | Reached skill level 1 in Fire Magic
  1259 | D:3      | Reached skill level 1 in Ice Magic
  1259 | D:3      | Reached skill level 1 in Air Magic
  1259 | D:3      | Reached skill level 1 in Earth Magic
  1259 | D:3      | Reached skill level 1 in Poison Magic
  1294 | D:3      | Reached XP level 5. HP: 14/43 MP: 5/7
  1633 | D:4      | Found a staircase to the Ecumenical Temple.
  1655 | Temple   | Entered the Ecumenical Temple
  1687 | Temple   | Became a worshipper of Warmaster Okawaru
  1980 | D:4      | Reached XP level 6. HP: 26/50 MP: 8/8
  2229 | D:4      | Reached skill level 5 in Fighting
  2229 | D:4      | Reached skill level 5 in Dodging
  2234 | D:4      | HP: 2/51 [acid (8)]
  2235 | D:4      | Splashed by a jelly's acid

Illustrated notes

Levels and vault maps discovered:
D:1:      minmay_arrival_open_corners, layout_loops_corners,
          shapermc_ecumenical_altar_mp_ritualfount, minmay_misc_feat_rugged
D:2:      layout_rooms
D:3:      layout_basic, ebering_ghost_gozag, hangedman_decor_riveting,
          grunt_ministairs_8, uniq_terence
D:4:      layout_basic, minmay_temple_entry_wispy
Temple:   nicolae_temple_ecumenical_triangle

Skill      XL: |  1  2  3  4  5  6 |
---------------+-------------------+-----
Invocations    | 1 2 |  2.2
Short Blades   | 1 2 |  2.0
Long Blades    | 1 2 |  2.0
Axes           | 1 2 |  2.0
Maces & Flails | 1 2 |  2.0
Polearms       | 1 2 |  2.0
Staves         | 1 2 |  2.0
Throwing       | 1 2 |  2.0
Armour         | 1 2 |  2.0
Shields        | 1 2 |  2.0
Unarmed Combat | 1 2 |  2.0
Spellcasting   | 1 2 |  2.0
Evocations     | 1 2 |  2.0
Conjurations   | 1 |  1.6
Hexes          | 1 |  1.6
Summonings     | 1 |  1.6
Necromancy     | 1 |  1.6
Translocations | 1 |  1.6
Transmutations | 1 |  1.6
Fire Magic     | 1 |  1.6
Ice Magic      | 1 |  1.6
Air Magic      | 1 |  1.6
Earth Magic    | 1 |  1.6
Poison Magic   | 1 |  1.6
Stealth        | 3 |  3.1
Fighting       | 5 |  5.0
Dodging        | 5 |  5.0
Ranged Weapons | |  8.8

Action                   |  1- 3 |  4- 6 || total
-------------------------+-------+-------++-------
Melee: Spear             |     5 |       ||     5
       Bite              |     1 |     5 ||     6
       Halberd           |     2 |       ||     2
       Short sword       |     5 |    31 ||    36
       Hand axe          |       |    17 ||    17
       Punch             |       |     4 ||     4
 Fire: Shortbow          |    58 |    36 ||    94
       Sling             |       |     9 ||     9
  Use: Scroll            |       |     2 ||     2
       Potion            |       |     1 ||     1
Armor: Leather armour    |     2 |       ||     2
       Scale mail        |       |    22 ||    22
Dodge: Dodged            |    15 |    31 ||    46
